 Dungeon Crawl Stone Soup version 0.29-a0-338-g1ff7896281 (webtiles) character file.

Game seed: 1982983147963068728

602 greenreed the Quickloader (level 7, -3/56 HPs)
             Began as a Gnoll Hunter on Apr 17, 2022.
             Was an Initiate of Ashenzari.
             Slain by Prince Ribbit (14 damage)
             ... on level 4 of the Dungeon.
             The game lasted 00:12:37 (3889 turns).

greenreed the Quickloader (Gnoll Hunter)            Turns: 3889, Time: 00:12:38

Health: -3/56      AC:  7    Str: 12    XL:     7   Next: 41%
Magic:  10/10      EV: 13    Int:  9    God:    Ashenzari [......]
Gold:   227        SH:  0    Dex: 15    Spells: 11/11 levels left

rFire   . . .      SeeInvis .   a - +1 hand crossbow
rCold   . . .      Faith    .   (no shield)
rNeg    . . .      Spirit   .   b - +0 leather armour
rPois   .          Reflect  .   (no helmet)
rElec   .          Harm     .   (no cloak)
rCorr   .          Rampage  .   (no gloves)
Will    .....                   (no boots)
Stlth   ++........              (no amulet)
HPRegen 0.18/turn               g - +4 ring of protection
MPRegen 0.12/turn               (no ring)

@: no status effects
A: fangs 1, strong nose, distributed training
a: Renounce Religion


You were on level 4 of the Dungeon.
You worshipped Ashenzari.
Ashenzari was noncommittal.
You visited 2 branches of the dungeon, and saw 6 of its levels.

You collected 227 gold pieces.

Inventory:

Hand Weapons
 a - a +1 hand crossbow (weapon)
 t - a +2 whip of venom
 y - a +1 short sword of speed
Missiles
 s - 6 poisoned darts
Armour
 b - a +0 leather armour (worn)
 u - a +0 pair of gloves
Jewellery
 g - a +4 ring of protection (left hand)
Wands
 d - a wand of flame (24)
Scrolls
 c - a scroll of immolation
 j - a scroll of torment {unknown}
 k - a scroll of holy word {unknown}
 m - 2 scrolls of fog {unknown}
 n - a scroll of amnesia {unknown}
 o - a scroll of enchant armour {unknown}
 p - 2 scrolls of vulnerability {unknown}
 r - 2 scrolls of teleportation {unknown}
 v - a scroll of enchant weapon {unknown}
Potions
 e - a potion of lignification {unknown}
 f - 2 potions of heal wounds
 h - 2 potions of degeneration
 i - 2 potions of flight
 l - a potion of invisibility {unknown}
 q - a potion of mutation {unknown}
 w - a potion of attraction {unknown}
 x - a potion of haste {unknown}
 z - a potion of ambrosia {unknown}
 A - a potion of might {unknown}


   Skills:
 + Level 5.2 Fighting
 + Level 2.5 Short Blades
 + Level 2.5 Long Blades
 + Level 2.5 Axes
 + Level 2.5 Maces & Flails
 + Level 2.5 Polearms
 + Level 2.5 Staves
 + Level 2.5 Slings
 + Level 2.5 Bows
 + Level 8.9 Crossbows
 + Level 2.5 Throwing
 + Level 2.5 Armour
 + Level 5.2 Dodging
 + Level 3.4 Stealth
 + Level 2.5 Shields
 + Level 2.5 Unarmed Combat
 + Level 2.5 Spellcasting
 + Level 2.0 Conjurations
 + Level 2.0 Hexes
 + Level 2.0 Summonings
 + Level 2.0 Necromancy
 + Level 2.0 Translocations
 + Level 2.0 Transmutations
 + Level 2.0 Fire Magic
 + Level 2.0 Ice Magic
 + Level 2.0 Air Magic
 + Level 2.0 Earth Magic
 + Level 2.0 Poison Magic
 + Level 2.7 Invocations
 + Level 2.5 Evocations


You had 11 spell levels left.
You didn't know any spells.
Your spell library contained the following spells:

 Spells                   Type           Power      Damage    Failure   Level
 Animate Skeleton         Necr           8%         N/A       17%         1
 Pain                     Necr           16%        1d4       17%         1
 Blink                    Tloc           8%         N/A       26%         2
 Corpse Rot               Necr/Air       8%         N/A       26%         2
 Poisonous Vapours        Pois/Air       8%         N/A       26%         2
 Lesser Beckoning         Tloc           4%         N/A       45%         3
 Ozocubu's Armour         Ice            4%         N/A       45%         3
 Vampiric Draining        Necr           4%         2d6       45%         3
 Manifold Assault         Tloc           4%         N/A       99%         5
 Ozocubu's Refrigeration  Ice            2%         4d5       100%        7


Dungeon Overview and Level Annotations

Branches:
Dungeon (5/15)             Temple (1/1) D:4

Altars:
Ashenzari
Cheibriados
Dithmenos
Elyvilon
Fedhas
Gozag
Hepliaklqana
Kikubaaqudgha
Makhleb
Nemelex Xobeh
Okawaru
Qazlal
Ru
Sif Muna
Trog
Uskayaw
Vehumet
Wu Jian
Xom
Yredelemnul
Zin
The Shining One

Annotations:
D:3 exclusion: necrophage
D:4 Prince Ribbit


Innate Abilities, Weirdness & Mutations

You have very sharp teeth.
Your uncanny sense of smell can sniff out nearby items.
Your experience applies equally to all skills.


Message History

Shoot: a) +1 hand crossbow
Press: ? - help, Q - select action, (/) - cycle Shift-Dir - straight line You shoot a bolt.
Prince Ribbit says, "You're just another fly to me."
Prince Ribbit hits you. Something hits you but does no damage.
The orc barely misses you.
Shoot: a) +1 hand crossbow
Press: ? - help, Q - select action, (/) - cycle Shift-Dir - straight line You shoot a bolt.
Prince Ribbit blinks!
Something hits you. The orc hits you but does no damage.
Shoot: a) +1 hand crossbow
Press: ? - help, Q - select action, (/) - cycle Shift-Dir - straight line You shoot a bolt.
Something hits you. The orc closely misses you.
Unknown command.
Shoot: a) +1 hand crossbow
Press: ? - help, Q - select action, (/) - cycle Shift-Dir - straight line You shoot a bolt.
Something hits you but does no damage. The orc misses you.
Shoot: a) +1 hand crossbow
Press: ? - help, Q - select action, (/) - cycle Shift-Dir - straight line You shoot a bolt.
You hear some strange, mumbled words.
A puff of flame appears from out of thin air!
The puff of flame hits you!
* * * LOW HITPOINT WARNING * * *
The orc hits you but does no damage.
Shoot: a) +1 hand crossbow
Press: ? - help, Q - select action, (/) - cycle Shift-Dir - straight line You shoot a bolt.
You hear some strange, mumbled words.
A magic dart appears from out of thin air!
The magic dart hits you.
* * * LOW HITPOINT WARNING * * *
The orc barely misses you. Prince Ribbit barely misses you.
Shoot: a) +1 hand crossbow
Press: ? - help, Q - select action, (/) - cycle Shift-Dir - straight line You shoot a bolt.
Prince Ribbit hits you!
You die...

#....##.#.# ####.
#.##.##.#.# ##....
#.##.##.#.###.....
#.##.##....#######
#.##.####..##..... #.##.##
#..#.....) #.##..#
#.........
#{###.###.........
#######@###.............
##.....#Fo....##.#.......
##............(.#.........
#..^..............##......
#.................##......
#.................#.......
#.........................
#.........................
#.................#.......


You could see Prince Ribbit and an orc.

Vanquished Creatures
  A phantom (D:4)
  Blork the orc (D:5)
  2 scorpions (D:4)
  2 orc priests
  An iguana (D:5)
  An orc wizard (D:3)
  4 gnolls (D:4)
  3 adders
  A worm (D:3)
  2 dart slugs (D:2)
  13 orcs
  6 endoplasms
  2 giant cockroaches
  5 hobgoblins
  5 kobolds
  A quokka (D:4)
  7 ball pythons
  8 bats
  A frilled lizard (D:2)
  3 goblins
  4 rats
73 creatures vanquished.

Vanquished Creatures (others)
  A sky beast (D:5)
1 creature vanquished.

Grand Total: 74 creatures vanquished

Notes
Turn   | Place    | Note
-------+----------+-------------------------------------------
     0 | D:1      | greenreed the Gnoll Hunter began the quest for the Orb.
     0 | D:1      | Reached XP level 1. HP: 20/20 MP: 1/1
   191 | D:2      | Reached XP level 2. HP: 20/26 MP: 2/2
   734 | D:1      | Reached XP level 3. HP: 31/31 MP: 3/3
  1030 | D:2      | Reached skill level 1 in Invocations
  1102 | D:2      | You fall into a shaft and drop 1 floor!
  1491 | D:3      | Reached skill level 1 in Short Blades
  1491 | D:3      | Reached skill level 1 in Long Blades
  1491 | D:3      | Reached skill level 1 in Axes
  1491 | D:3      | Reached skill level 1 in Maces & Flails
  1491 | D:3      | Reached skill level 1 in Polearms
  1491 | D:3      | Reached skill level 1 in Staves
  1491 | D:3      | Reached skill level 1 in Slings
  1491 | D:3      | Reached skill level 1 in Bows
  1491 | D:3      | Reached skill level 1 in Throwing
  1491 | D:3      | Reached skill level 1 in Armour
  1491 | D:3      | Reached skill level 1 in Shields
  1491 | D:3      | Reached skill level 1 in Unarmed Combat
  1491 | D:3      | Reached skill level 1 in Spellcasting
  1491 | D:3      | Reached skill level 1 in Evocations
  1506 | D:3      | Reached XP level 4. HP: 38/38 MP: 5/5
  1564 | D:3      | Reached skill level 1 in Conjurations
  1564 | D:3      | Reached skill level 1 in Hexes
  1564 | D:3      | Reached skill level 1 in Summonings
  1564 | D:3      | Reached skill level 1 in Necromancy
  1564 | D:3      | Reached skill level 1 in Translocations
  1564 | D:3      | Reached skill level 1 in Transmutations
  1564 | D:3      | Reached skill level 1 in Fire Magic
  1564 | D:3      | Reached skill level 1 in Ice Magic
  1564 | D:3      | Reached skill level 1 in Air Magic
  1564 | D:3      | Reached skill level 1 in Earth Magic
  1564 | D:3      | Reached skill level 1 in Poison Magic
  1957 | D:3      | Found an opulent altar of Gozag.
  2038 | D:3      | Noticed a necrophage
  2264 | D:3      | Reached XP level 5. HP: 43/43 MP: 6/6
  2381 | D:3      | Found a faded altar of an unknown god.
  2734 | D:4      | Reached XP level 6. HP: 34/50 MP: 8/8
  2932 | D:4      | Found a staircase to the Ecumenical Temple.
  2955 | Temple   | Entered the Ecumenical Temple
  3262 | Temple   | Became a worshipper of Ashenzari the Shackled
  3619 | D:5      | Entered Level 5 of the Dungeon
  3668 | D:4      | Reached skill level 5 in Fighting
  3668 | D:4      | Reached skill level 5 in Dodging
  3814 | D:5      | Noticed Blork the orc
  3817 | D:5      | Noticed a sky beast
  3842 | D:5      | Killed a sky beast
  3843 | D:5      | Reached XP level 7. HP: 54/56 MP: 10/10
  3848 | D:5      | Killed Blork the orc
  3863 | D:5      | Noticed Prince Ribbit
  3889 | D:4      | Slain by Prince Ribbit

Illustrated notes

Levels and vault maps discovered:
D:1:      lemuel_arrival_lava_pool, layout_basic, kennysheep_minor_cross,
          minivault_23
D:2:      layout_basic
D:3:      minmay_chambers_of_twos, layout_loops_ring,
          mainiacjoe_overflow_concentric_impassable,
          chequers_ecumenical_altar_twisty
D:4:      layout_rooms, temple_pool_b
D:5:      layout_cave_pools, ebering_ghost_reflecting_pool,
          lightli_sewer_entry_pipes, hangedman_decor_push, uniq_blork_the_orc,
          uniq_eustachio, uniq_prince_ribbit1
Temple:   roderic_octagonal_lattice_temple

Skill      XL: |  1  2  3  4  5  6  7 |
---------------+----------------------+-----
Invocations    | 1 2 |  2.7
Short Blades   | 1 2 |  2.5
Long Blades    | 1 2 |  2.5
Axes           | 1 2 |  2.5
Maces & Flails | 1 2 |  2.5
Polearms       | 1 2 |  2.5
Staves         | 1 2 |  2.5
Slings         | 1 2 |  2.5
Bows           | 1 2 |  2.5
Throwing       | 1 2 |  2.5
Armour         | 1 2 |  2.5
Shields        | 1 2 |  2.5
Unarmed Combat | 1 2 |  2.5
Spellcasting   | 1 2 |  2.5
Evocations     | 1 2 |  2.5
Conjurations   | 1 2 |  2.0
Hexes          | 1 2 |  2.0
Summonings     | 1 2 |  2.0
Necromancy     | 1 2 |  2.0
Translocations | 1 2 |  2.0
Transmutations | 1 2 |  2.0
Fire Magic     | 1 2 |  2.0
Ice Magic      | 1 2 |  2.0
Air Magic      | 1 2 |  2.0
Earth Magic    | 1 2 |  2.0
Poison Magic   | 1 2 |  2.0
Stealth        | 3 |  3.4
Fighting       | 5 |  5.2
Dodging        | 5 |  5.2
Crossbows      | |  8.9

Action                   |  1- 3 |  4- 6 |  7- 9 || total
-------------------------+-------+-------+-------++-------
Melee: Hand crossbow     |       |       |     1 ||     1
 Fire: Hand crossbow     |    66 |   155 |    29 ||   250
  Use: Scroll            |       |     3 |       ||     3
Armor: Leather armour    |     5 |    26 |    12 ||    43
Dodge: Dodged            |     3 |    50 |    17 ||    70

Table legend: (Time is in decaauts)
 A = Elapsed time spent in this place.
 B = Non-inter-level travel time spent in this place.
 C = Inter-level travel time spent in this place.
 D = Time resting spent in this place.
 E = Time spent auto-exploring this place.
 F = Levels seen in this place.
 G = Mean time per level.
                   A        B        C        D        E       F      G
               +--------+--------+--------+--------+--------+-----+--------+
         Total |   3926 |   3676 |    250 |    338 |   2697 |   6 |  654.3 |
       Dungeon |   3594 |   3408 |    186 |    338 |   2454 |   5 |  718.8 |
        Temple |    331 |    267 |     64 |      0 |    243 |   1 |  331.0 |
               +--------+--------+--------+--------+--------+-----+--------+

Top non-repeatable levels by time:
     D:3: 1189 daAuts
     D:4: 1002 daAuts
     D:1: 737 daAuts
     D:2: 572 daAuts
  Temple: 331 daAuts
     D:5: 93 daAuts
